 Dungeon Crawl Stone Soup version 0.22-a0-799-g88f5e90 (webtiles) character file.

1362 Hebeh the Thaumaturge (level 8, -7/41 HPs)
             Began as a Deep Elf Conjurer on July 21, 2018.
             Mangled by a two-headed ogre
             ... wielding a +0 giant club
              (11 damage)
             ... on level 6 of the Dungeon.
             The game lasted 00:23:45 (7210 turns).

Hebeh the Thaumaturge (Deep Elf Conjurer)           Turns: 7210, Time: 00:23:46

Health: -7/41      AC:  4    Str:  9    XL:     8   Next: 37%
Magic:  3/23       EV: 13    Int: 23    God:
Gold:   454        SH:  0    Dex: 15    Spells: 15/26 levels left

rFire    . . .     SeeInvis .   b - +0 short sword
rCold    . . .     Gourm    .   (no shield)
rNeg     . . .     Faith    .   a - +0 robe
rPois    .         Spirit   .   (no helmet)
rElec    .         Reflect  .   (no cloak)
rCorr    .         Harm     .   p - +0 pair of gloves
MR       .....                  d - +0 pair of boots
Stlth    ++........             (no amulet)
HPRegen  0.13/turn              r - +4 ring of strength
MPRegen  0.18/turn              (no ring)

@: no status effects
A: no striking features
a: no special abilities


You were on level 6 of the Dungeon.
You were hungry.

You visited 1 branch of the dungeon, and saw 6 of its levels.

You collected 454 gold pieces.

Inventory:

Hand Weapons
 b - a +0 short sword (weapon)
 x - a +2 flail of venom
 E - a +2 flail of holy wrath
Missiles
 o - 85 arrows
 D - 41 sling bullets
Armour
 a - a +0 robe (worn)
 d - a +0 pair of boots (worn)
 p - a +0 pair of gloves (worn)
Jewellery
 n - an uncursed ring of protection from cold {unknown}
 r - a +4 ring of strength (left hand)
 u - an uncursed ring of wizardry {unknown}
 z - a +2 amulet of reflection {unknown}
 A - the ring "Qace" {Wiz *Corrode rN+ Slay+2, unknown}
   (You took it off an orc on level 5 of the Dungeon)

   [ring of wizardry]

   It improves your spell success rate.
   It affects your accuracy and damage with ranged weapons and melee attacks
   (+2).
   It protects you from negative energy.
   It may corrode you when you take damage.
Wands
 l - a wand of iceblast (8)
 y - a wand of acid (7)
Scrolls
 f - 3 scrolls of teleportation {unknown}
 g - 11 scrolls of identify {unknown}
 i - 3 scrolls of fear {unknown}
 j - 2 scrolls of noise {unknown}
 m - a scroll of remove curse {unknown}
 t - 3 scrolls of blinking {unknown}
 v - a scroll of fog {unknown}
 w - a scroll of enchant weapon {unknown}
 C - a scroll of immolation {unknown}
Potions
 e - a potion of invisibility {unknown}
 h - 3 potions of curing {unknown}
 k - a potion of flight {unknown}
 q - a potion of cancellation {unknown}
 s - 2 potions of magic {unknown}
 B - a potion of berserk rage {unknown}
Comestibles
 c - 14 rations


   Skills:
 - Level 2.4 Dodging
 - Level 2.4 Stealth
 + Level 9.9 Spellcasting
 + Level 9.1 Conjurations


You had 15 spell levels left.
You knew the following spells:

 Your Spells              Type           Power        Failure   Level  Hunger
a - Magic Dart            Conj           ####         1%          1    None
b - Iskenderun's Mystic   Conj           ######..     1%          4    ##.....
c - Searing Ray           Conj           ######       1%          2    None
d - Force Lance           Conj/Tloc      ####....     9%          4    ##.....

Your spell library contained the following spells:

 Spells                   Type           Power        Failure   Level  Hunger
 Apportation              Tloc           ##....       6%          1    None
 Summon Small Mammal      Summ           ##..         6%          1    None
 Animate Skeleton         Necr           N/A          6%          1    None
 Sublimation of Blood     Necr           ##........   9%          2    None
 Confusing Touch          Hex            ##....       6%          1    None
 Ignite Poison            Fire/Tmut/Pois ##......     17%         3    None
 Alistair's Intoxication  Tmut/Pois      ##......     85%         5    ####...
 Petrify                  Tmut/Erth      ##......     50%         4    ##.....
 Fulminant Prism          Conj/Hex       ####......   9%          4    ##.....
 Dazzling Spray           Conj/Hex       ####..       2%          3    None
 Irradiate                Conj/Tmut      ####......   24%         5    ####...


Dungeon Overview and Level Annotations

Branches:
Dungeon (6/15)
 Temple: D:4-7

Altars:

Shops:
D:6 ?


Message History

Aiming: Iskenderun's Mystic Blast (safe; 1% risk of failure)
Press: ? - help, Shift-Dir - straight line, f/p - two-headed ogre
Aim: a two-headed ogre, wielding a giant club and a giant spiked club (heavily wounded)
The orb of energy hits the two-headed ogre.
The two-headed ogre is almost dead.
The orb of energy explodes!
The two-headed ogre misses you.
The two-headed ogre hits you with a giant spiked club!!
* * * LOW HITPOINT WARNING * * *
Casting: Iskenderun's Mystic Blast (safe; 1% risk of failure)
Confirm with . or Enter, or press ? or * to list all spells.
You don't have enough magic to cast that spell.
Casting: Iskenderun's Mystic Blast (safe; 1% risk of failure)
Confirm with . or Enter, or press ? or * to list all spells.
Aiming: Magic Dart (safe; 1% risk of failure)
Press: ? - help, Shift-Dir - straight line, f/p - two-headed ogre
Aim: a two-headed ogre, wielding a giant club and a giant spiked club (almost dead)
The magic dart hits the two-headed ogre.
The two-headed ogre is almost dead.
The two-headed ogre hits you with a giant club!
You die...

......
.### .....
...
....#...
......
....# #
#...
#.##..##
#....@.#
#...O<.#
#......#
##.......
.......###
###......
....####
#?∩..
#.?..


You could see a two-headed ogre.

Vanquished Creatures
  A sky beast (D:5)
  A phantom (D:5)
  4 ogres
  A bullfrog (D:6)
  2 hounds (D:4)
  2 orc priests
  An iguana (D:5)
  3 worker ants
  9 orc wizards
  2 worker ant zombies (D:5)
  10 adders
  4 gnolls (D:3)
  2 oozes
  3 worms
  2 dart slugs
  5 leopard geckos
  34 orcs
  6 bats
  7 giant cockroaches
  4 goblins
  10 hobgoblins
  6 jackals
  10 kobolds
  2 quokkas
  2 ball pythons
  5 frilled lizards
  A jackal skeleton (D:4)
  A leopard gecko skeleton (D:4)
  11 rats
  A fungus (D:1)
152 creatures vanquished.

Notes
Turn   | Place    | Note
-------+----------+-------------------------------------------
     0 | D:1      | Hebeh the Deep Elf Conjurer began the quest for the Orb.
     0 | D:1      | Reached XP level 1. HP: 10/10 MP: 6/6
   227 | D:1      | Reached XP level 2. HP: 15/15 MP: 2/8
  1116 | D:1      | Reached skill level 5 in Conjurations
  1116 | D:1      | Reached XP level 3. HP: 19/19 MP: 7/10
  1600 | D:2      | Learned a level 2 spell: Searing Ray
  2256 | D:3      | Reached XP level 4. HP: 24/24 MP: 8/12
  2290 | D:3      | Learned a level 4 spell: Iskenderun's Mystic Blast
  2295 | D:3      | Learned a level 4 spell: Force Lance
  2317 | D:3      | Reached skill level 5 in Spellcasting
  2443 | D:3      | Reached XP level 5. HP: 28/28 MP: 11/14
  3167 | D:3      | Reached XP level 6. HP: 29/32 MP: 12/17
  4568 | D:4      | Reached XP level 7. HP: 36/36 MP: 7/20
  5723 | D:5      | Entered Level 5 of the Dungeon
  6374 | D:5      | Reached XP level 8. HP: 41/41 MP: 16/23
  6428 | D:5      | Got a shimmering iron ring
  7203 | D:6      | Found Apufecza's Magic Scroll Emporium.
  7203 | D:6      | Noticed a two-headed ogre
  7210 | D:6      | Mangled by a two-headed ogre

Vault maps used:
D:1:      dpeg_arrival_windows_large_door, minmay_gold_behind_fungi
D:2:      lemuel_upstairs_altar, first_ration
D:4:      kennysheep_diamond
D:6:      gammafunk_temple_overflow_forgotten, cheibrodos_ashenzari_chains,
          minmay_temple_entry_statues_pillars, serial_shops, shop_scrolls,
          nicolae_shop_window_shopping, shop, shop_scrolls,
          kennysheep_another_room

Skill      XL: |  1  2  3  4  5  6  7  8 |
---------------+-------------------------+-----
Spellcasting   | 4 5 6 7 9 |  9.9
Conjurations   | 5 6 7 8 9 |  9.1
Dodging        | |  2.4
Stealth        | |  2.4

Action                   |  1- 3 |  4- 6 |  7- 9 || total
-------------------------+-------+-------+-------++-------
Melee: Short sword       |    29 |       |       ||    29
 Cast: Magic Dart        |    89 |   100 |    87 ||   276
       Searing Ray       |     1 |    16 |     5 ||    22
       Iskenderun's Myst |       |     3 |    22 ||    25
       Force Lance       |       |       |     1 ||     1
  Eat: Chunk             |     4 |     6 |     6 ||    16
       Ration            |       |     1 |       ||     1
Armor: Robe              |     3 |     1 |     5 ||     9
Dodge: Dodged            |     6 |    13 |    27 ||    46

Table legend:
 A = Spawn XP
 B = Non-spawn XP
 C = Spawn XP percentage of total XP
 D = Spawn monster count
 E = Non-spawn monster count
 F = Spawn count percentage of total count
 G = Total turns spent on level
                    A         B        C        D         E        F      G
               +---------+---------+-------+---------+---------+-------+---------
         Total |       0 |    1947 |   0.0 |       0 |     151 |   0.0 |  7210
               +---------+---------+-------+---------+---------+-------+---------
           D:1 |       0 |      41 |   0.0 |       0 |      26 |   0.0 |  1412
           D:2 |       0 |      52 |   0.0 |       0 |      17 |   0.0 |   806
           D:3 |       0 |     361 |   0.0 |       0 |      46 |   0.0 |  1701
           D:4 |       0 |     483 |   0.0 |       0 |      33 |   0.0 |  2068
           D:5 |       0 |     920 |   0.0 |       0 |      28 |   0.0 |  1216
           D:6 |       0 |      90 |   0.0 |       0 |       1 |   0.0 |     7
               +---------+---------+-------+---------+---------+-------+---------
